 Dungeon Crawl Stone Soup version 0.29.1-15-g9cfb28693d (webtiles) character file.

Game seed: 740392369564842592

10 hawla the Chiller (level 2, -12/20 HPs)
             Began as a Meteoran Ice Elementalist on Mar 27, 2023.
             Killed by nerve-wracking pain
             ... invoked by a shadow imp
              (13 damage)
             ... on level 3 of the Dungeon.
             The game lasted 00:01:01 (125 turns).

hawla the Chiller (Meteoran Ice Elementalist)        Turns: 125, Time: 00:01:02

Health: -12/20     AC:  9    Str:  9    XL:     2   Next: 47%
Magic:  5/6        EV: 12    Int: 16    God:
Gold:   9          SH:  0    Dex: 14    Spells: 5/6 levels left

rFire   . . .      SeeInvis .   e - +2 trident (protect)
rCold   . . .      Faith    .   (no shield)
rNeg    . . .      Spirit   .   a - +0 robe
rPois   .          Reflect  .   (no helmet)
rElec   .          Harm     .   (no cloak)
rCorr   .          Rampage  .   (no gloves)
Will    .....                   (no boots)
Stlth   +.........              (no amulet)
HPRegen 0.06/turn               (no ring)
MPRegen 0.10/turn               (no ring)

@: under a protective aura, glowing
A: sense surroundings 1, otherworldly, glowing, explore regen
a: no special abilities


You were on level 3 of the Dungeon.
You visited 1 branch of the dungeon, and saw 3 of its levels.

You collected 9 gold pieces.

Inventory:

Hand Weapons
 e - a +2 trident of protection (weapon)
Armour
 a - a +0 robe (worn)
Scrolls
 d - a scroll of identify {unknown}
Potions
 b - a potion of magic
 c - a potion of lignification {unknown}


   Skills:
 + Level 2.5 Dodging
 - Level 1.4 Stealth
 + Level 2.8 Spellcasting
 + Level 4.8 Ice Magic


You had 5 spell levels left.
You knew the following spells:

 Your Spells              Type           Power      Damage    Failure   Level
a - Freeze                Ice            68%        1d8       2%          1

Your spell library contained the following spells:

 Spells                   Type           Power      Damage    Failure   Level
 Frozen Ramparts          Ice            34%        1d6       8%          3
 Ozocubu's Armour         Ice            17%        N/A       8%          3
 Hailstorm                Conj/Ice       10%        3d5       56%         4


Dungeon Overview and Level Annotations

Branches:
Dungeon (3/15) Zot: 1674

Altars:


Innate Abilities, Weirdness & Mutations

You passively map a small area around you.
You are easily found by Zot.
You glow in the dark.
You regain HP and MP as you explore.


Message History

Pain shoots through your body! The goblin barely misses you.
Casting: Freeze (safe; 2% risk of failure)
Confirm with . or Enter, or press ? or * to list all spells.
Aiming: Freeze (safe; 2% risk of failure)
Press: ? - help, Shift-Dir - straight line, f/p - goblin
Aim: a goblin, wielding a +0 club (heavily wounded)
You freeze the goblin!
You kill the goblin!
A hobgoblin comes into view.
The shadow imp hits you.
The hobgoblin shouts!
You see here a +0 club.
You closely miss the hobgoblin. The hobgoblin barely misses you.
The shadow imp hits you. The hobgoblin hits you.
The shadow imp completely misses you.
The shadow imp attacks as you move away!
The shadow imp hits you.
* * * LOW HITPOINT WARNING * * *
Found a scroll labelled BAIDICI RECIST.
The hobgoblin closely misses you. The hobgoblin attacks as you move away!
The hobgoblin hits you but does no damage.
The shadow imp hits you.
* * * LOW HITPOINT WARNING * * *
You see here a +2 trident of protection.
Your +2 trident of protection hums with potential!
e - a +2 trident of protection (weapon)
You hit the shadow imp but do no damage.
Your weapon exudes an aura of protection.
The hobgoblin hits you.
* * * LOW HITPOINT WARNING * * *
The shadow imp barely misses you.
You hit the shadow imp.
The shadow imp is heavily wounded.
The hobgoblin hits you but does no damage.
The shadow imp barely misses you. The shadow imp gestures at you.
Pain shoots through your body!
Ouch! That really hurt!
You die...

............####
, ,
#......<.......*
_
#..##..#######.,
, , #...#.# *
### #....)# ....
##....####.....
,
##.............
,
#....5#g#......
#.##..@.# .....
,
#.*##..........
# #..##...?.. ,
* #..#*..#### ,
* #..# ..# *
#..# #.# , ,
#..# *.. * #...
,


You could see a shadow imp and a hobgoblin.

Vanquished Creatures
  A dart slug (D:1)
  2 giant cockroaches
  A goblin (D:3)
  A ball python (D:2)
  4 rats (D:1)
9 creatures vanquished.

Notes
Turn   | Place    | Note
-------+----------+-------------------------------------------
     0 | D:1      | hawla the Meteoran Ice Elementalist began the quest for the
                  | Orb.
     0 | D:1      | Reached XP level 1. HP: 14/14 MP: 5/5
    84 | D:1      | Reached XP level 2. HP: 9/20 MP: 3/6
    86 | D:1      | You fall into a shaft and drop 1 floor!
   124 | D:3      | HP: 1/20 [hobgoblin (2)]
   125 | D:3      | Killed from afar by a shadow imp

Illustrated notes

Levels and vault maps discovered:
D:1:      dpeg_arrival_prison, layout_loops_ring, chequers_serial_rivers_small_b
D:2:      layout_loops_cross, serial_shops, shop, uniq_terence
D:3:      layout_rooms, trog_book, minmay_box_of_dots, uniq_grinder

Action                   || total
-------------------------++-------
Melee: Trident           ||     2
       Unarmed           ||     2
 Cast: Freeze            ||    16
Armor: Robe              ||     4
Dodge: Dodged            ||    16
